 Dungeon Crawl Stone Soup version 0.19-a0-1260-gc94d3f7 (webtiles) character file.

294 TheGoonsmith the Slasher (level 6, -9/44 HPs)
             Began as a Demonspawn Gladiator on Aug 28, 2016.
             Mangled by Menkaure (11 damage)
             ... on level 4 of the Dungeon.
             The game lasted 00:05:29 (3129 turns).

TheGoonsmith the Slasher (Demonspawn Gladiator)     Turns: 3129, Time: 00:05:29

Health: -9/44      AC:  8    Str: 15    XL:     6   Next: 11%
Magic:  6/6        EV: 10    Int: 10    God:
Gold:   167        SH:  5    Dex: 14    Spells: 0 memorised, 5 levels left

rFire  . . .     SeeInvis .     a - +1 long sword
rCold  . . .     Gourm    .     w - +0 scale mail
rNeg   . . .     Faith    .     k - +0 buckler
rPois  .         Spirit   .     (helmet restricted)
rElec  .         Dismiss  .     (no cloak)
rCorr  .         Reflect  .     (no gloves)
MR     +....     Harm     .     (no boots)
Stlth  ..........               A - amulet of regeneration
                                (no ring)
                                s - ring of protection from magic

@: hasted, drained, very quick
A: horns 1, rough black scales 1
a: no special abilities


You were on level 4 of the Dungeon.
You were hungry.

You visited 1 branch of the dungeon, and saw 4 of its levels.

You collected 167 gold pieces.

Inventory:

Hand Weapons
 a - a +1 long sword (weapon)
Missiles
 d - 3 throwing nets (quivered)
Armour
 b - a +0 leather armour
 c - a +1 helmet
 k - a +0 buckler (worn)
 w - a +0 scale mail (worn)
Jewellery
 e - an uncursed ring of ice {unknown}
 s - a ring of protection from magic (left hand)
 A - an amulet of regeneration (around neck)
Wands
 B - a wand of paralysis (2/24)
Scrolls
 h - a scroll of enchant weapon
 i - 2 scrolls of teleportation
 q - a scroll of remove curse
 r - a scroll of identify
 y - a scroll of random uselessness {unknown}
 D - a scroll of magic mapping
Potions
 j - a potion of haste
 l - 2 potions of cure mutation {unknown}
 m - a potion of ambrosia {unknown}
 n - a potion of brilliance {unknown}
 o - a potion of heal wounds {unknown}
 p - a potion of lignification {unknown}
 t - 2 potions of curing {unknown}
 v - a potion of flight {unknown}
 z - a potion of mutation {unknown}
Books
 C - a book of the Tempests

   Spells                             Type                      Level
   a - Static Discharge               Conjuration/Air              3
   b - Lightning Bolt                 Conjuration/Air              5
   c - Fireball                       Conjuration/Fire             5
   d - Tornado                        Air                          9
   e - Shatter                        Earth                        9
Comestibles
 f - 4 bread rations
 g - 2 meat rations
 u - 4 fruits
 x - 2 chunks of flesh


   Skills:
 - Level 2.0(1.5) Fighting
 + Level 4.8(4.3) Long Blades
 - Level 1.7(1.2) Throwing
 - Level 2.6(2.1) Dodging
 + Level 3.7(3.2) Shields


You had 5 spell levels left.
You didn't know any spells.

Dungeon Overview and Level Annotations

Branches:
Dungeon (4/15)
 Temple: D:4-7

Altars:
Ashenzari
Fedhas

Annotations:
D:4 Edmund, Menkaure


Innate Abilities, Weirdness & Mutations

You have a pair of small horns on your head.
You are partially covered in rough black scales. (AC +2, Dex -1)


Message History

Edmund barely misses you.
Your scale mail prevents you from hitting Edmund.
Edmund is almost dead.
Edmund hits you with a flail of protection.
You closely miss Edmund. You headbutt Edmund, but do no damage.
Edmund is almost dead.
Edmund hits you but does no damage.
You hit Edmund but do no damage.
Edmund is almost dead.
Edmund hits you but does no damage.
You closely miss Edmund. Your headbutt misses Edmund.
Edmund is almost dead.
Edmund hits you with a flail of protection.
Menkaure hits you!
* * * LOW HITPOINT WARNING * * *
Menkaure hits you!
* * * LOW HITPOINT WARNING * * *
It was a potion of haste.
You feel yourself speed up. Edmund hits you but does no damage.
Menkaure hits you!
You die...

#...#
#.....##.......##.(#####
#...#
###.####..###..##.....>.
#...# #.# #.##
#..#.#..#### #...# ##.#
#.# #..##.#.# ..... ..#
#.# #..####.# ##... ##.#
#.# #..# #.#
#.##.####..## #.#
#.....((...# #.#
#.@M..##...# #.#
#@.#.###...# #.#
#.##........# #.#
.............# #.#
##..##........# #.# #.
.#..(..>.# #.# #
.###......# #.# # ......
#.#### ... #.....


You could see Edmund and Menkaure.

Vanquished Creatures
  2 giant frog skeletons (D:4)
  An orc wizard (D:4)
  3 worker ants
  A hound zombie (D:3)
  A gnoll (D:1)
  5 adders
  2 oozes
  A worm (D:2)
  2 dart slugs (D:1)
  4 giant geckos
  4 orcs
  6 giant cockroaches
  8 goblins
  5 hobgoblins
  4 jackals (D:1)
  7 kobolds
  A ball python (D:2)
  4 bats
  5 rats
66 creatures vanquished.

Notes
Turn   | Place    | Note
-------+----------+-------------------------------------------
     0 | D:1      | TheGoonsmith the Demonspawn Gladiator began the quest for the Orb.
     0 | D:1      | Reached XP level 1. HP: 16/16 MP: 1/1
   202 | D:1      | Reached skill level 3 in Long Blades
   338 | D:1      | Gained mutation: You are partially covered in rough black scales. (AC +2, Dex -1) [demonic ancestry]
   338 | D:1      | Reached XP level 2. HP: 20/22 MP: 2/2
   424 | D:1      | Reached skill level 1 in Shields
   629 | D:1      | Reached XP level 3. HP: 19/27 MP: 3/3
  1319 | D:2      | Found a blossoming altar of Fedhas.
  1830 | D:3      | Found a shattered altar of Ashenzari.
  1909 | D:3      | Reached XP level 4. HP: 32/33 MP: 4/4
  2496 | D:4      | Reached skill level 4 in Long Blades
  2608 | D:4      | Gained mutation: You have a pair of small horns on your head. [demonic ancestry]
  2608 | D:4      | Reached XP level 5. HP: 38/38 MP: 5/5
  2905 | D:4      | Noticed Menkaure
  2906 | D:4      | Noticed Edmund
  3060 | D:4      | Reached XP level 6. HP: 38/44 MP: 6/6
  3128 | D:4      | HP: 1/44 [Menkaure (8)]
  3129 | D:4      | Mangled by Menkaure

Vault maps used:
D:1:      dpeg_arrival_refuge
D:2:      lemuel_doored_altar, first_bread
D:3:      evilmike_ruin_ashenzari
D:4:      serial_bayou_pond_d, abandoned_shop, uniq_robin, uniq_edmund,
          uniq_menkaure

Skill      XL: |  1  2  3  4  5 |
---------------+----------------+-----
Long Blades    | 3 4 |  4.8
Shields        | 1 2 3 |  3.7
Fighting       | |  2.0
Throwing       | |  1.7
Dodging        | |  2.6

Action                   |  1- 3 |  4- 6 || total
-------------------------+-------+-------++-------
Melee: Long sword        |   142 |   173 ||   315
       Headbutt          |       |    20 ||    20
  Use: Scroll            |       |     7 ||     7
       Potion            |       |     1 ||     1
 Stab: Sleeping          |     1 |       ||     1
  Eat: Chunk             |     3 |     4 ||     7
Armor: Leather armour    |    23 |       ||    23
       Scale mail        |    10 |    57 ||    67
Dodge: Dodged            |    68 |    61 ||   129
Block: Buckler           |    22 |    29 ||    51
